 Dungeon Crawl Stone Soup version 0.28-a0-863-g8cecda6153 (webtiles) character file.

Game seed: 727441362455759286

266141 1994 the Phalangite (level 20, -11/145 (150) HPs)
             Began as a Formicid Fighter on Nov 20, 2021.
             Was the Champion of Hepliaklqana.
             Mangled by a saltling (18 damage)
             ... summoned by a halazid warlock
             ... in the Desolation of Salt.
             The game lasted 01:57:27 (41385 turns).

1994 the Phalangite (Formicid Fighter)             Turns: 41385, Time: 01:57:27

HP:   -11/145 (150) AC: 37    Str: 31    XL:     20   Next: 92%
MP:   20/30         EV: 10    Int:  6    God:    Hepliaklqana [******]
Gold: 692           SH: 12    Dex: 11    Spells: 17/19 levels left

rFire   + + .      SeeInvis +   b - +3 glaive
rCold   + + .      Faith    .   X - +0 kite shield {reflect}
rNeg    + . .      Spirit   .   B - +1 crystal plate armour
rPois   +          Reflect  +   (helmet unavailable)
rElec   +          Harm     .   l - +0 cloak {rF+}
rCorr   +          Rampage  .   R - +2 pair of gloves of the Exiled Planets {rPois rN+ Stlth+}
Will    +++..                   y - +1 pair of boots {Stlth+}
Stlth   ..........              Z - amulet of the acrobat
HPRegen 0.34/turn               G - +4 ring of protection
MPRegen 0.22/turn               O - ring of protection from cold

@: mighty, resistant, studying 2 skills, lightly drained
A: reduced essence, permanent stasis, dig shafts and tunnels, antennae 3, four
strong arms, hooves 1, dopey 1, strong-willed 1, poison resistance, strong 1
}: 2/15 runes: serpentine, barnacled
a: Dig, Renounce Religion, Recall Ancestor, Ancestor Identity, Transference,
Idealise


You were in the Desolation of Salt.
You worshipped Hepliaklqana.
Hepliaklqana was exalted by your worship.
You visited 6 branches of the dungeon, and saw 33 of its levels.
You also visited: Ossuary, Bailey, Gauntlet, Volcano and Desolation.

You collected 3483 gold pieces.
You spent 2791 gold pieces at shops.

Inventory:

Hand Weapons
 a - a +1 halberd of venom
 b - a +3 glaive (weapon)
Missiles
 k - 2 throwing nets
 n - 6 curare-tipped darts
 s - 89 poisoned darts (quivered)
Armour
 l - a +0 cloak of fire resistance (worn)
 y - a +1 pair of boots of stealth (worn)
 B - a +1 crystal plate armour (worn)
 R - the +2 pair of gloves of the Exiled Planets (worn) {rPois rN+ Stlth+}
   (You bought it in a shop on level 2 of the Snake Pit)

   rPois:     It protects you from poison.
   rN:        It protects you from negative energy.
   Stlth:     It makes you more stealthy.
 X - a +0 kite shield of reflection (worn)
Jewellery
 E - the ring "Ahana" {Will+ Int+6}
   (You found it on level 1 of the Elven Halls)

   [ring of intelligence]

   Int:       It affects your intelligence (+6).
   Will:      It increases your willpower.
 G - a +4 ring of protection (left hand)
 L - a ring of fire
 M - the ring "Qur Geunlih" {rN+ Stlth+}
   (You bought it in a shop on level 2 of the Elven Halls)

   [ring of positive energy]

   rN:        It protects you from negative energy.
   Stlth:     It makes you more stealthy.
 O - a ring of protection from cold (right hand)
 V - the ring "Kaagurgh" {rPois rC+ MP+9 Str+4 Int-3 Slay-3}
   (You found it on level 3 of the Lair of Beasts)

   [ring of magical power]

   Str:       It affects your strength (+4).
   Int:       It affects your intelligence (-3).
   Slay:      It affects your accuracy & damage with ranged weapons and melee
   (-3).
   rC:        It protects you from cold.
   rPois:     It protects you from poison.
   MP:        It affects your magic capacity (+9).
 Z - an amulet of the acrobat (around neck)
Wands
 p - a wand of acid (20)
 u - a wand of paralysis (40)
 F - a wand of digging (29)
 H - a wand of iceblast (8)
 P - a wand of charming (9)
 Y - a wand of polymorph (12)
Scrolls
 e - 2 scrolls of summoning
 h - 4 scrolls of silence
 j - 4 scrolls of fog
 t - 8 scrolls of magic mapping
 C - 2 scrolls of immolation
 N - 9 scrolls of fear
 S - 14 scrolls of identify
Potions
 d - 3 potions of might
 i - a potion of heal wounds
 o - 10 potions of curing
 q - 5 potions of flight
 v - 4 potions of attraction
 w - 2 potions of ambrosia
 z - a potion of invisibility
 D - 7 potions of lignification
 Q - 3 potions of magic
 W - 3 potions of cancellation
Miscellaneous
 x - a phial of floods
 I - a lightning rod (4/4)
 T - a phantom mirror


   Skills:
 + Level 16.9 Fighting
 * Level 21.3 Polearms
 + Level 15.7 Armour
 + Level 11.1 Dodging
 * Level 13.3 Shields
 - Level 14.3 Invocations
 + Level 5.1 Evocations


You had 17 spell levels left.
You knew the following spells:

 Your Spells              Type           Power      Damage    Failure   Level
a - Passwall              Tmut/Erth      0%         N/A       100%        2

Your spell library contained the following spells:

 Spells                   Type           Power      Damage    Failure   Level
 Animate Skeleton         Necr           0%         N/A       100%        1
 Apportation              Tloc           0%         N/A       100%        1
 Foxfire                  Conj/Fire      0%         2x1d4     100%        1
 Magic Dart               Conj           0%         1d3       100%        1
 Pain                     Necr           0%         1d4       100%        1
 Sandblast                Erth           0%         2d4       100%        1
 Summon Small Mammal      Summ           0%         N/A       100%        1
 Searing Ray              Conj           0%         2d4       100%        2
 Conjure Flame            Conj/Fire      0%         6-21      100%        3
 Dazzling Flash           Conj/Hex       0%         N/A       100%        3
 Ignite Poison            Fire/Tmut/Pois 0%         N/A       100%        3
 Inner Flame              Hex/Fire       0%         N/A       100%        3
 Lesser Beckoning         Tloc           0%         N/A       100%        3
 Mephitic Cloud           Conj/Pois/Air  0%         N/A       100%        3
 Stone Arrow              Conj/Erth      0%         3d7       100%        3
 Summon Guardian Golem    Hex/Summ       0%         N/A       100%        3
 Vampiric Draining        Necr           0%         2d6       100%        3
 Cause Fear               Hex            0%         N/A       100%        4
 Flame Wave               Conj/Fire      0%         3d3       100%        4
 Fulminant Prism          Conj/Hex       0%         3d6       100%        4
 Iskenderun's Mystic Bla  Conj/Tloc      0%         2d3       100%        4
 Leda's Liquefaction      Hex/Erth       0%         N/A       100%        4
 Olgreb's Toxic Radiance  Pois           0%         N/A       100%        4
 Summon Lightning Spire   Summ/Air       0%         N/A       100%        4
 Alistair's Intoxication  Tmut/Pois      0%         N/A       100%        5
 Fireball                 Conj/Fire      0%         3d3       100%        5
 Freezing Cloud           Conj/Ice/Air   0%         6-21      100%        5
 Lee's Rapid Deconstruct  Erth           0%         3d5*      100%        5
 Manifold Assault         Tloc           0%         N/A       100%        5
 Summon Mana Viper        Hex/Summ       0%         N/A       100%        5
 Starburst                Conj/Fire      0%         6d3       100%        6
 Malign Gateway           Summ/Tloc      0%         N/A       100%        7
 Ozocubu's Refrigeration  Ice            0%         4d5       100%        7
 Summon Hydra             Summ           0%         N/A       100%        7
 Ignition                 Fire           0%         3d3       100%        8
 Summon Horrible Things   Summ           0%         N/A       100%        8
 Blink                    Tloc           Unusable   N/A       N/A         2
 Swiftness                Air            Unusable   N/A       N/A         3

Dungeon Overview and Level Annotations

Branches:
Dungeon (15/15)            Temple (0/1) D:6            Lair (6/6) D:10
 Shoals (4/4) Lair:3        Snake (4/4) Lair:2        Slime (0/5) Lair:6
    Orc (2/2) D:11            Elf (2/3) Orc:2        Vaults (0/5) D:13
 Depths (0/4) D:15        Ossuary (visited)          Bailey (visited)
Volcano (visited)         Desolation (1/1)          Gauntlet (visited)

Altars:
Ashenzari
Dithmenos
Hepliaklqana
Makhleb
Okawaru
Qazlal
Ru
Trog
Uskayaw
Wu Jian
Xom
Zin
The Shining One
Beogh
Jiyva

Shops:
D:3 *   Orc:2 =((*   Elf:1 :   Elf:2 *   Shoals:1 [   Snake:1 ((   Snake:2 *


Innate Abilities, Weirdness & Mutations

Your life essence is reduced to manifest your ancestor. (-10% HP)
You cannot be hasted, slowed, berserked, paralysed or teleported.
You can dig through walls and to a lower floor.
You have a pair of large antennae on your head. (SInv)
Your four strong arms can wield two-handed weapons with a shield.
You have large cloven feet.
You are dopey. (Int -2)
You are strong-willed. (Will+)
Your system is resistant to poisons. (rPois)
Your muscles are strong. (Str +2)


Message History

You reach to attack!
You barely miss the halazid warlock.
The saltling hits you but does no damage.
The guardian serpent hits you but does no damage.
The ragged hierophant casts a spell at you.
A blast of power from the earth and the saltlings strikes you!
* * * LOW HITPOINT WARNING * * *
The imperial myrmidon barely misses you.
Unknown command.
Unknown command.
Unknown command.
Reach: b) +3 glaive
Press: ? - help, Dir - move target, f/p - halazid warlock
Aim: a halazid warlock (strong, sheltered from injuries, about 33% to evade your +3 glaive)
Okay, then.
Unknown command.
You slice the halazid warlock!!
The halazid warlock is lightly damaged.
You kill the ragged hierophant!
The ragged hierophant's corpse dissolves into shadows!
You block the guardian serpent's attack.
You block the servant of whispers's attack.
The saltling hits you!
* * * LOW HITPOINT WARNING * * *
The ragged hierophant gestures wildly while chanting.
The ragged hierophant begins to accept its allies' injuries.
The saltling hits you but does no damage.
The saltling hits you.
* * * LOW HITPOINT WARNING * * *
Unknown command.
You closely miss the halazid warlock.
The halazid warlock is lightly damaged.
The imperial myrmidon gestures at you while chanting.
You easily resist.
The guardian serpent coils itself and waves its upper body at you.
The servant of whispers blinks!
The ragged hierophant blinks!
The ironbound convoker points at the peacekeeper and mumbles some strange words.
The peacekeeper seems to grow stronger.
A servant of whispers comes into view. It is wielding a +0 spear.
The saltling hits you!!
You die...

..........##
.9{.....#....##
.............##
..{...........##
S.{..........##
.........9.##
......99.9##
..∩...99S9##
..........9pL@a##
.......∩....9aa##
......a........##
..............##
...............##
...............##
......##......##
.......##
........##


You could see a ragged hierophant, 2 servants of whispers, an imperial myrmidon
(sheltered), a halazid warlock (strong, sheltered), an ironbound convoker
(sheltered), a peacekeeper (summoned, strong, sheltered), a guardian serpent
(summoned, sheltered) and 8 saltlings.

Vanquished Creatures
  Nikola (Snake:1)
  Rupert (D:15)
  A kraken (Shoals:2)
  Frances (Shoals:1)
  A nagaraja (Snake:4)
  An orc warlord (Orc:1)
  Aizul (Shoals:2)
  An ironbound preserver (D:13)
  2 stone giants
  A deep elf annihilator (Elf:1)
  A minotaur (Gauntlet)
  An ettin (Orc:2)
  2 merfolk javelineers (Shoals:4)
  4 merfolk impalers
  A fire dragon (D:10)
  3 naga warriors
  2 salamander tyrants (Snake:4)
  A servant of whispers (Desolation)
  2 boulder beetles
  9 hydras
  An ogre mage (Orc:1)
  3 merfolk avatars
  A peacekeeper (Desolation)
  5 centaur warriors
  5 anacondas
  An alligator snapping turtle (Shoals:4)
  Erica (D:11)
  17 two-headed ogres
  A catoblepas (Lair:6)
  3 merfolk aquamancers
  4 dancing weapons (Elf:1)
  2 satyrs
  5 naga sharpshooters
  17 death yaks
  5 shock serpents
  A deep elf knight (Elf:1)
  Sonja (Lair:4)
  2 skeletal warriors (D:13)
  An iron troll (Orc:1)
  6 sea snakes
  5 naga ritualists
  A deep troll (Orc:2)
  An obsidian statue (Volcano)
  8 deep elf zephyrmancers
  Pikel (D:5)
  9 deep elf archers
  5 harpies
  2 orc knights
  2 orc sorcerers (Orc:2)
  14 deep elf pyromancers
  6 cyclopes
  7 fauns
  An oklob plant (Lair:6)
  7 mana vipers
  10 ugly things
  A moth of wrath (shapeshifter) (Elf:1)
  5 manticores
  7 elephants
  7 guardian serpents
  A guardian serpent (shapeshifter) (Elf:1)
  7 naga magi
  A torpor snail (Lair:2)
  4 water nymphs
  23 black mambas
  2 merfolk sirens
  4 gargoyles
  12 cane toads
  A cane toad (shapeshifter) (Elf:1)
  12 komodo dragons
  2 unseen horrors
  A rime drake (shapeshifter) (Elf:1)
  5 rime drakes
  4 trolls
  2 polar bears (Lair:6)
  4 wind drakes
  19 merfolk
  3 saltlings
  8 blink frogs
  Prince Ribbit (D:9)
  A hornet (D:9)
  6 slime creatures
  A snapping turtle (Shoals:4)
  14 dream sheep
  An air elemental (Elf:1)
  7 water elementals
  A wyvern (Lair:2)
  A shadow (Gauntlet)
  3 wraiths
  40 yaks
  5 fire bats (Volcano)
  A fire elemental (Volcano)
  2 vampire mosquitoes
  18 nagas
  An acid dragon (D:8)
  4 water moccasins
  A floating eye (shapeshifter) (Elf:2)
  2 sky beasts (D:5)
  19 orc warriors
  A black bear (D:6)
  A necrophage (D:5)
  3 wolves (Lair:5)
  18 ogres
  8 centaurs
  3 phantoms
  6 bullfrogs
  2 gnoll sergeants
  3 scorpions
  A water moccasin zombie (Ossuary)
  6 killer bees
  3 wights (D:9)
  4 howler monkeys
  5 centaur zombies
  A quasit (D:5)
  4 bullfrog zombies
  6 lava snakes (Volcano)
  A jelly (D:7)
  14 orc priests
  A hound (D:5)
  2 centaur skeletons
  3 iguanas
  24 orc wizards
  3 battlemagi
  A bullfrog skeleton (D:5)
  5 killer bee zombies
  A hound zombie (D:5)
  17 mummies (Ossuary)
  3 howler monkey zombies (Ossuary)
  6 gnolls
  11 adders
  A shadow imp (D:4)
  2 white imps (D:5)
  An ufetubus (D:6)
  2 adder zombies (D:5)
  3 worms (D:2)
  4 dart slugs
  73 orcs
  6 endoplasms
  6 giant cockroaches
  10 goblins
  5 hobgoblins
  3 jackals (D:4)
  2 quokkas
  3 ball pythons
  2 bats
  2 frilled lizards
  A goblin skeleton (D:5)
  A hobgoblin zombie (D:5)
  A jackal skeleton (D:4)
  11 kobolds
  3 kobold zombies (D:5)
  2 orc skeletons (D:5)
  A rat (D:1)
  A tentacle (Shoals:2)
775 creatures vanquished.

Vanquished Creatures (collateral kills)
  Vashnia (Snake:4)
  A kraken (Shoals:3)
  A nagaraja (Snake:4)
  A frost giant (Shoals:4)
  A deep elf sorcerer (Elf:2)
  A quicksilver ooze (Gauntlet)
  A deep elf demonologist (Elf:1)
  A deep elf annihilator (Elf:1)
  A halazid warlock (Desolation)
  Snorg (D:11)
  A deep elf death mage (Elf:1)
  2 merfolk javelineers
  3 merfolk impalers (Shoals:4)
  6 naga warriors
  An ogre mage (Orc:2)
  2 hydras
  2 merfolk aquamancers
  A servant of whispers (Desolation)
  2 centaur warriors
  3 merfolk avatars
  5 anacondas
  2 alligator snapping turtles (Shoals:2)
  3 catoblepae
  A two-headed ogre (Orc:1)
  3 death yaks
  3 satyrs
  A deep elf knight (Elf:1)
  3 dancing weapons
  5 naga sharpshooters
  Urug (D:11)
  5 shock serpents
  4 sea snakes
  2 skeletal warriors (D:13)
  2 naga ritualists (Snake:4)
  2 deep elf archers
  6 deep elf pyromancers
  A harpy (shapeshifter) (D:13)
  A wizard (D:15)
  10 harpies
  A manticore (Shoals:3)
  2 deep elf zephyrmancers (Elf:1)
  A mana viper (Snake:2)
  6 ugly things
  An oklob plant (Shoals:4)
  4 orc sorcerers
  4 cyclopes
  6 elephants
  4 salamanders
  10 fauns
  3 water nymphs
  2 merfolk sirens
  4 naga magi
  A guardian serpent (Snake:2)
  4 black mambas
  2 gargoyles (Volcano)
  8 cane toads
  A kobold demonologist (D:12)
  A rime drake (Lair:3)
  A komodo dragon (Lair:2)
  2 torpor snails
  An efreet (Volcano)
  An unseen horror (D:12)
  8 trolls
  18 merfolk
  4 wind drakes
  3 slime creatures (D:14)
  A polar bear (Lair:4)
  Grinder (D:3)
  6 saltlings
  7 blink frogs
  12 dream sheep
  6 snapping turtles
  3 shadows (Gauntlet)
  An air elemental (Elf:1)
  A wyvern (D:10)
  A vampire (D:12)
  5 water elementals
  28 yaks
  2 basilisks
  A wraith (D:14)
  A fire bat (Volcano)
  4 vampire mosquitoes
  13 nagas
  A warg (Orc:1)
  10 water moccasins
  18 orc warriors
  A black bear (D:6)
  12 ogres
  A wolf (Lair:5)
  6 centaurs
  2 kobold brigands (D:7)
  8 bullfrogs
  10 killer bees
  A lava snake (Volcano)
  4 centaur zombies
  A hound (D:6)
  A gnoll shaman (D:9)
  A jelly (D:7)
  3 orc priests
  17 orc wizards
  A howler monkey zombie (D:7)
  4 gnolls
  A howler monkey skeleton (D:7)
  41 orcs
  3 goblins (D:11)
  A hobgoblin (D:11)
  A kobold (D:7)
  2 tentacles (Shoals:2)
440 creatures vanquished.

Vanquished Creatures (others)
  A ragged hierophant (Elf:2)
  A deep elf zephyrmancer (Elf:2)
  A mana viper (Snake:1)
  A manticore (Shoals:2)
  3 black mambas (Snake:1)
  An air elemental (Elf:2)
  28 battlemagi
  An orc wizard (D:2)
  56 bushes (D:11)
  11 demonic plants (Gauntlet)
  14 fungi
  66 plants
  9 tentacles
  10 withered plants (Ossuary)
203 creatures vanquished.

Grand Total: 1418 creatures vanquished

Notes
Turn   | Place    | Note
-------+----------+-------------------------------------------
     0 | D:1      | 1994 the Formicid Fighter began the quest for the Orb.
     0 | D:1      | Reached XP level 1. HP: 18/18 MP: 1/1
   170 | D:1      | Reached XP level 2. HP: 23/24 MP: 2/2
   456 | D:1      | Found a faded altar of an unknown god.
   460 | D:1      | Reached XP level 3. HP: 29/29 MP: 3/3
  1071 | D:2      | Reached skill level 3 in Polearms
  1433 | D:2      | Reached XP level 4. HP: 35/37 MP: 4/4
  1723 | D:2      | Reached XP level 5. HP: 13/42 MP: 5/5
  1959 | D:3      | Reached skill level 4 in Polearms
  2158 | D:3      | Noticed Grinder
  2605 | D:2      | Reached XP level 6. HP: 28/49 MP: 6/6
  3288 | D:3      | Found Istrapethoa's Assorted Antiques.
  3292 | D:3      | Bought an inky potion for 22 gold pieces
  3292 | D:3      | Bought a bubbling emerald potion for 22 gold pieces
  3292 | D:3      | Bought a bubbling emerald potion for 22 gold pieces
  3438 | D:4      | Learned a level 2 spell: Passwall
  3789 | D:4      | Found a hazy altar of Hepliaklqana.
  3804 | D:4      | Became a worshipper of Hepliaklqana the Forgotten
  3858 | D:4      | Reached skill level 5 in Polearms
  3968 | D:4      | Identified the +1 chain mail "Xozxuhut" {rPois MP+9 Stlth-}
  4120 | D:4      | Reached XP level 7. HP: 54/55 MP: 7/7
  4187 | D:5      | Entered Level 5 of the Dungeon
  4222 | D:5      | Reached skill level 5 in Fighting
  4222 | D:5      | Reached skill level 5 in Armour
  4461 | D:5      | Reached skill level 6 in Polearms
  4520 | D:5      | Reached XP level 8. HP: 64/64 MP: 8/8
  4617 | D:5      | Found a glowing golden altar of the Shining One.
  4701 | D:5      | Found a sand-covered staircase.
  4708 | Ossuary  | Entered an ossuary
  4880 | Ossuary  | Reached skill level 7 in Polearms
  5116 | Ossuary  | Reached XP level 9. HP: 56/71 MP: 9/9
  5494 | D:5      | Reached skill level 8 in Polearms
  5559 | D:5      | Reached * piety under Hepliaklqana
  5574 | D:5      | Found an iron altar of Okawaru.
  5873 | D:3      | Killed Grinder
  5904 | D:3      | Bought a scroll labelled LIKLA LUACW for 25 gold pieces
  5904 | D:3      | Bought a scroll labelled EFUEGEEFUT for 25 gold pieces
  6199 | D:6      | Found a shimmering altar of Xom.
  6372 | D:6      | Noticed Pikel
  6411 | D:5      | Killed Pikel
  6412 | D:5      | Reached skill level 9 in Polearms
  6702 | D:6      | Found a staircase to the Ecumenical Temple.
  6710 | D:6      | Found a hide-covered altar of Uskayaw.
  6746 | D:6      | Reached skill level 1 in Invocations
  6838 | D:6      | Reached XP level 10. HP: 72/72 MP: 11/11
  7180 | D:6      | Reached ** piety under Hepliaklqana
  7181 | D:6      | Remembered your ancestor Ealdgyð as a battlemage
  7696 | D:7      | Reached skill level 10 in Polearms
  7785 | D:7      | Found a shadowy altar of Dithmenos.
  8119 | D:7      | Noticed a seven-headed hydra
  8475 | D:7      | Killed a seven-headed hydra
  8476 | D:7      | Reached skill level 1 in Dodging
  8831 | D:8      | Found a stormy altar of Qazlal.
  8938 | D:8      | Identified the +0 leather armour "Weubuxur" {rElec rPois
                  | Str+7}
  8972 | D:8      | Reached *** piety under Hepliaklqana
  9024 | D:8      | Reached XP level 11. HP: 78/78 MP: 14/14
  9175 | D:8      | Found a sacrificial altar of Ru.
  9323 | D:8      | Found a broken altar of Ashenzari.
  9473 | D:9      | Reached skill level 5 in Invocations
  9479 | D:9      | Noticed Prince Ribbit
  9486 | D:9      | Reached skill level 11 in Polearms
  9501 | D:9      | Killed Prince Ribbit
 10556 | D:10     | Entered Level 10 of the Dungeon
 10804 | D:10     | Found a glowing silver altar of Zin.
 10853 | D:10     | Noticed a fire dragon
 10985 | D:10     | Killed a fire dragon
 11270 | D:10     | Found a staircase to the Lair.
 11292 | D:10     | Noticed a two-headed ogre
 11304 | D:10     | Killed a two-headed ogre
 11465 | D:10     | Found a bloodstained altar of Trog.
 11537 | D:10     | Found a burning altar of Makhleb.
 11747 | D:10     | Reached **** piety under Hepliaklqana
 11785 | D:11     | Noticed a two-headed ogre
 11789 | D:11     | Noticed a two-headed ogre
 11792 | D:11     | Killed a two-headed ogre
 11793 | D:11     | Reached skill level 12 in Polearms
 11793 | D:11     | Reached XP level 12. HP: 87/87 MP: 16/16
 11804 | D:11     | Killed a two-headed ogre
 11838 | D:11     | Reached skill level 10 in Armour
 11850 | D:11     | Noticed a boulder beetle
 11969 | D:11     | Noticed a two-headed ogre
 12038 | D:11     | Identified a scroll of acquirement
 12038 | D:11     | Acquired a +0 cloak of poison resistance
 12045 | D:11     | Reached skill level 10 in Fighting
 12049 | D:11     | Noticed a two-headed ogre
 12063 | D:11     | Killed a two-headed ogre
 12103 | D:11     | Noticed Snorg
 12119 | D:11     | Killed Snorg
 12183 | D:11     | Killed a boulder beetle
 12220 | D:11     | Found a flagged portal.
 12242 | Bailey   | Entered a bailey
 12559 | Bailey   | Reached skill level 5 in Dodging
 12768 | D:11     | Noticed Erica
 12773 | D:11     | Killed Erica
 12808 | D:11     | Found a staircase to the Orcish Mines.
 12821 | D:11     | Noticed Urug
 12836 | D:11     | Killed Urug
 12837 | D:11     | Reached skill level 13 in Polearms
 12900 | D:11     | Reached XP level 13. HP: 92/95 MP: 17/19
 13186 | D:11     | Identified the +1 helmet of Elyvilon's Displeasure
                  | {*Corrode rElec Dex-2 Stlth+}
 13642 | D:12     | Noticed a boulder beetle
 13653 | D:12     | Killed a boulder beetle
 13654 | D:12     | Reached XP level 14. HP: 101/101 MP: 20/20
 13823 | D:12     | Reached skill level 14 in Polearms
 14269 | D:12     | Reached ***** piety under Hepliaklqana
 14678 | D:13     | Noticed an ironbound preserver
 14793 | Lair:1   | Entered Level 1 of the Lair of Beasts
 14830 | Lair:1   | Found the +4 Cigotuvi's embrace {rMiasma Drain rN+}
 15541 | Lair:2   | Reached skill level 10 in Invocations
 15867 | Lair:2   | Found a staircase to the Snake Pit.
 15916 | Lair:2   | Reached skill level 15 in Polearms
 15943 | Lair:2   | Found an ornate altar of the Wu Jian Council.
 16805 | Lair:3   | Reached XP level 15. HP: 108/108 MP: 22/22
 16832 | Lair:3   | Reached ****** piety under Hepliaklqana
 16939 | Lair:3   | Found a staircase to the Shoals.
 16945 | Lair:3   | Identified the ring "Kaagurgh" {rPois rC+ MP+9 Str+4 Int-3
                  | Slay-3}
 17330 | Lair:4   | Noticed Sonja
 17337 | Lair:4   | Killed Sonja
 17350 | Lair:4   | Found a gate leading to a gauntlet.
 17366 | Gauntlet | Entered a Gauntlet
 17366 | Gauntlet | Found a transporter.
 17373 | Gauntlet | Found a runed translucent door.
 17375 | Gauntlet | Found a transporter.
 17376 | Gauntlet | Found a transporter.
 17377 | Gauntlet | Found a transporter.
 17378 | Gauntlet | Noticed a quicksilver ooze
 17380 | Gauntlet | Found a transporter.
 17381 | Gauntlet | Found a transporter.
 17390 | Gauntlet | Found a transporter.
 17390 | Gauntlet | Found a transporter.
 17408 | Gauntlet | Found a transporter.
 17425 | Gauntlet | Found a transporter.
 17429 | Gauntlet | Found a transporter.
 17431 | Gauntlet | Found a runed translucent gate.
 17431 | Gauntlet | Found a runed translucent gate.
 17431 | Gauntlet | Found a runed translucent gate.
 17437 | Gauntlet | Found a transporter.
 17484 | Gauntlet | Found a runed translucent door.
 17716 | Gauntlet | Killed a quicksilver ooze
 17727 | Gauntlet | Identified the +0 hat of Purpose {rN+ Int+2 SInv}
 17781 | Gauntlet | Got the Guide on Supportive Transmigration
 18864 | Lair:5   | Reached skill level 16 in Polearms
 19522 | Lair:6   | Entered Level 6 of the Lair of Beasts
 19662 | Lair:6   | Reached XP level 16. HP: 117/117 MP: 24/24
 19695 | Lair:6   | Found a staircase to the Slime Pits.
 19696 | Lair:6   | Found a viscous altar of Jiyva.
 19892 | Lair:6   | Found a dark tunnel.
 19955 | Volcano  | Entered a volcano
 20108 | Volcano  | Found a radiant altar of Vehumet.
 21041 | Lair:6   | Reached skill level 17 in Polearms
 22602 | D:13     | Reached XP level 17. HP: 104/124 MP: 26/26
 22728 | D:13     | Found a gate to the Vaults.
 22754 | D:13     | Identified the +3 ring mail of the Other World {Int+4}
 24020 | D:15     | Entered Level 15 of the Dungeon
 24028 | D:15     | Noticed Rupert
 24065 | D:15     | Killed Rupert
 24372 | D:15     | Reached skill level 18 in Polearms
 24389 | D:15     | Reached skill level 10 in Dodging
 24678 | D:15     | Found a staircase to the Depths.
 25290 | Orc:1    | Entered Level 1 of the Orcish Mines
 25360 | Orc:2    | Entered Level 2 of the Orcish Mines
 26001 | Orc:2    | Found Wipat's Assorted Antiques.
 26439 | Orc:2    | Reached skill level 15 in Armour
 26456 | Orc:2    | Gained mutation: You do not regenerate when monsters are
                  | visible. [a neqoxec]
 26475 | Orc:2    | Found Bezyrubeku's Antique Weapon Emporium.
 26476 | Orc:2    | Found Xafoacam's Antique Weapon Emporium.
 26480 | Orc:2    | Found Pofuidwi's Jewellery Shop.
 26502 | Orc:2    | Bought a scroll of magic mapping for 77 gold pieces
 27055 | Orc:2    | Found a staircase to the Elven Halls.
 27309 | Orc:2    | Bought a dazzling plate armour for 616 gold pieces
 27309 | Orc:2    | Identified the +0 plate armour of Zackou Liast {rN+ Str+4}
                  | (You bought it in a shop on level 2 of the Orcish Mines)
 27318 | Orc:2    | Bought an amulet of the acrobat for 300 gold pieces
 27475 | Lair:4   | Lost mutation: You do not regenerate when monsters are
                  | visible. [potion of mutation]
 27475 | Lair:4   | Gained mutation: Your muscles are strong. (Str +2) [potion
                  | of mutation]
 27475 | Lair:4   | Gained mutation: You have hidden genetic potential. [potion
                  | of mutation]
 27689 | Snake:1  | Entered Level 1 of the Snake Pit
 27689 | Snake:1  | Noticed Nikola
 27705 | Snake:1  | Killed Nikola
 27928 | Snake:1  | Reached XP level 18. HP: 106/132 MP: 28/28
 28472 | Snake:1  | Found Naonahan's Weapon Shoppe.
 28472 | Snake:1  | Found Roptooge's Weapon Emporium.
 29588 | Snake:2  | Found Wyrarol's Assorted Antiques.
 29623 | Snake:2  | Bought a pair of spiked gloves for 275 gold pieces
 29623 | Snake:2  | Identified the +2 pair of gloves of the Exiled Planets
                  | {rPois rN+ Stlth+} (You bought it in a shop on level 2 of
                  | the Snake Pit)
 29823 | Snake:3  | Reached skill level 15 in Fighting
 30148 | Snake:3  | Reached skill level 19 in Polearms
 30722 | Snake:4  | Entered Level 4 of the Snake Pit
 31071 | Snake:4  | Found a runed translucent gate.
 31071 | Snake:4  | Found a runed translucent gate.
 31076 | Snake:4  | Found a runed translucent gate.
 31323 | Snake:4  | Found a hide-covered altar of Uskayaw.
 31527 | Snake:4  | Reached skill level 5 in Shields
 32385 | Snake:4  | Gained mutation: You are strong-willed. (Will+) [hidden
                  | potential]
 32643 | Snake:4  | Noticed Vashnia
 32654 | Snake:4  | Killed Vashnia
 32796 | Snake:4  | Got a serpentine rune of Zot
 33074 | Snake:4  | Reached XP level 19. HP: 139/139 MP: 29/29
 33498 | Shoals:1 | Entered Level 1 of the Shoals
 33794 | Shoals:1 | Noticed Frances
 33802 | Shoals:1 | Killed Frances
 33952 | Shoals:1 | Found Matep's Antique Armour Shoppe.
 33966 | Shoals:1 | Bought a glowing kite shield for 277 gold pieces
 34239 | Shoals:2 | Reached skill level 20 in Polearms
 34971 | Shoals:2 | Noticed Aizul
 34979 | Shoals:2 | Killed Aizul
 34995 | Shoals:2 | Reached skill level 10 in Shields
 36313 | Shoals:3 | Gained mutation: You have large cloven feet. [hidden
                  | potential]
 36313 | Shoals:3 | Lost mutation: You have hidden genetic potential. [hidden
                  | potential expressed]
 36762 | Shoals:4 | Entered Level 4 of the Shoals
 36771 | Shoals:4 | Reached skill level 1 in Evocations
 37354 | Shoals:4 | Reached XP level 20. HP: 147/149 MP: 30/30
 37493 | Shoals:4 | Found a bloodstained altar of Trog.
 37922 | Shoals:4 | Got a barnacled rune of Zot
 39355 | Elf:1    | Entered Level 1 of the Elven Halls
 39429 | Elf:1    | Reached skill level 21 in Polearms
 40202 | Elf:1    | Identified the ring "Liafuit" {Wiz +Blink Stlth+}
 40253 | Elf:1    | Identified the ring "Ahana" {Will+ Int+6}
 40261 | Elf:1    | Got the Papyrus of Execration
 40360 | Elf:1    | Found Luurrank's Book Emporium.
 40469 | Elf:1    | Bought a manual of Dodging for 960 gold pieces
 40678 | Elf:1    | Got Jasyemum's Almanac of Creation
 41063 | Elf:2    | Gained mutation: You are dopey. (Int -2) [a shining eye]
 41065 | Elf:2    | Gained mutation: Your system is resistant to poisons.
                  | (rPois) [a shining eye]
 41163 | Elf:2    | Found Puqech's Assorted Antiques.
 41180 | Elf:2    | Bought a scorched bronze ring for 170 gold pieces
 41180 | Elf:2    | Identified the ring "Qur Geunlih" {rN+ Stlth+} (You bought
                  | it in a shop on level 2 of the Elven Halls)
 41327 | Elf:2    | Reached skill level 5 in Evocations
 41340 | Elf:2    | Found a crumbling gateway.
 41351 | Desolati | Entered the Desolation of Salt
 41384 | Desolati | HP: 7/145 [saltling[a halazid warlock] (1)]
 41385 | Desolati | Mangled by a saltling

Illustrated notes

Levels and vault maps discovered:
D:1:      dpeg_arrival_boxes_within_box, layout_loops_ring,
          ebering_ecumenical_altar_hall, minmay_pentomino_v4
D:2:      layout_basic
D:3:      layout_loops_ring, serial_shops, shop_statue, grunt_ministairs_10,
          uniq_grinder
D:4:      layout_cave_pools, mainiacjoe_overflow_concentric_impassable
D:5:      layout_cave_pods, okawaru_gym_becter, nicolae_tso_besieged_by_evil,
          chequers_ossuary_entry_cave, grunt_ministairs_11
D:6:      layout_gridville, xom_teletrap_fun, mainiacjoe_overflow_boulevard,
          minmay_temple_entry_mini_moons, uniq_pikel
D:7:      layout_loops_ring, nicolae_dithmenos_shadow_blocks,
          nicolae_fountain_basement
D:8:      kennysheep_blocky_hall, layout_basic, nicolae_qazlal_eye_of_the_storm,
          mainiacjoe_overflow_24_doors, nicolae_ru_sacrificial_ziggurat
D:9:      layout_irregular_city, uniq_prince_ribbit1
D:10:     layout_small_grid, mainiacjoe_overflow_alcove_2, lemuel_doored_altar,
          lemuel_crystal_altar, minmay_lair_entry_lava
D:11:     layout_cave_pools, erik_orc_3, special_room [special_room_orc],
          enter_bailey_3, minmay_hedge_maze, grunt_decor_fettered, uniq_snorg,
          uniq_urug, uniq_erica
D:12:     minmay_box_of_statues, layout_loops_ring
D:13:     layout_loops_cross, skrybe_vaults_entry_preservation
D:14:     layout_roguey, kennysheep_boxes
D:15:     grunt_enter_depths_giant_problem, layout_loops_corners,
          bh_walls_and_bars, uniq_rupert
Lair:1:   layout_misc_corridors
Lair:2:   wad_woods_stonehenge, layout_regular_city,
          guppyfry_snake_entry_garden, infiniplex_staircase_pool_2,
          serial_bayou_shore_b
Lair:3:   layout_gridlike, shoals_dummy_entry, grunt_megastairs_2
Lair:4:   layout_regular_city, gauntlet_entry_generic, beast_lair_carwin_11,
          uniq_sonja
Lair:5:   layout_big_grid
Lair:6:   evilmike_catoblepas_cave, layout_loops_ring, slime_altar_1,
          enter_volcano_2, pond, serial_bayou_shore_b, grunt_megastairs_4,
          lemuel_fruit_tree
Shoals:1: layout_shoals, serial_shops, shop_statue, uniq_frances
Shoals:2: layout_shoals, nicolae_shoals_dead_sea_scrolls, uniq_aizul
Shoals:3: layout_shoals
Shoals:4: shoals_end_grunt_ice, layout_shoals, lemuel_oklob_altar
Snake:1:  layout_onion_interference, minmay_shoptagon, uniq_nikola
Snake:2:  layout_rooms, serial_shops, nicolae_shop_waterfront
Snake:3:  layout_cave_town, serial_bayou_crossing
Snake:4:  grunt_snake_rune_serpentine_throne, layout_chambers, basic_altar,
          nicolae_snake_horde_hoard
Orc:1:    layout_diamond_mine, nicolae_orc_stony_grotto
Orc:2:    st_orc_open, layout_caves, nicolae_orc_tapped_out
Elf:1:    minmay_the_grid_square_5x5_3x3 [minmay_the_grid_square_5x5_trominoes,
          minmay_the_grid_square_5x5_hourglass,
          minmay_the_grid_square_5x5_intrusive_squares,
          minmay_the_grid_square_5x5_tri_point,
          minmay_the_grid_square_5x5_megaprize_checkered,
          minmay_the_grid_square_5x5_n_small,
          minmay_the_grid_square_5x5_minibox,
          minmay_the_grid_square_5x5_beaten_path,
          minmay_the_grid_square_5x5_forky], layout_onion_city, serial_shops,
          nicolae_shop_hallway_plus, minmay_elf_demonology, nicolae_elf_w_pinch
Elf:2:    nicolae_elf_blades_crystal_corner, layout_rooms, serial_shops,
          nicolae_lakefront_shop, portal_desolation_entry_nicolae_nacl,
          uniq_asterion
Desolation

Skill      XL: |  1  2  3  4  5  6  7  8  9 10 11 12 13 14 15 16 17 18 19 20 |
---------------+-------------------------------------------------------------+-----
Polearms       | 3 4 5 6 7 9 10 12 13 15 16 17 18 19 20 21 | 21.3
Fighting       | 4 5 6 7 8 9 11 12 13 14 15 16 | 16.9
Armour         | 4 5 6 7 8 9 11 12 13 14 15 | 15.7
Invocations    | 1 4 6 8 9 10 11 12 13 14 | 14.3
Dodging        | 2 4 5 6 7 8 9 10 11 | 11.1
Shields        | 7 11 13 | 13.3
Evocations     | 2 5 |  5.1

Action                   |  1- 3 |  4- 6 |  7- 9 | 10-12 | 13-15 | 16-18 | 19-21 || total
-------------------------+-------+-------+-------+-------+-------+-------+-------++-------
Melee: Trident           |    83 |   185 |   343 |   267 |       |       |       ||   878
       Dagger            |       |    22 |    32 |       |       |       |       ||    54
       Halberd           |       |       |       |   237 |   474 |  1016 |   184 ||  1911
       Glaive            |       |       |       |       |     5 |    18 |   568 ||   591
       Demon trident     |       |       |       |       |   185 |   262 |    85 ||   532
       War axe           |       |       |       |       |     8 |       |       ||     8
Throw: Dart              |       |       |       |     3 |       |     2 |       ||     5
Invok: Recall Ancestor   |       |       |     2 |     2 |       |     1 |     1 ||     6
       Ancestor Life: Ba |       |       |       |     1 |       |       |       ||     1
       Transference      |       |       |       |       |       |     2 |     1 ||     3
       Idealise          |       |       |       |       |       |     1 |     5 ||     6
 Abil: Dig               |       |     3 |     5 |     5 |     2 |    16 |     7 ||    38
  Use: Potion            |       |     1 |       |     1 |       |     6 |     6 ||    14
       Scroll            |       |       |    12 |    13 |     4 |     1 |     1 ||    31
 Stab: Distracted        |       |       |     1 |    12 |     9 |    16 |    15 ||    53
       Betrayed ally     |       |       |       |     2 |     1 |       |       ||     3
Armor: Scale mail        |    17 |    79 |       |       |       |       |       ||    96
       Chain mail        |       |    12 |   160 |   124 |       |   167 |    17 ||   480
       Plate armour      |       |       |       |   122 |       |    31 |       ||   153
       Crystal plate arm |       |       |       |     8 |   349 |   407 |   248 ||  1012
Dodge: Dodged            |    20 |    84 |    96 |   155 |   146 |   415 |   216 ||  1132
Block: Buckler           |     7 |    33 |    59 |    89 |    78 |   125 |       ||   391
       Tower shield      |       |       |       |       |       |    53 |    19 ||    72
       Kite shield       |       |       |       |       |       |    14 |   225 ||   239
       Reflection        |       |       |       |       |       |       |    56 ||    56

Table legend: (Time is in decaauts)
 A = Elapsed time spent in this place.
 B = Non-inter-level travel time spent in this place.
 C = Inter-level travel time spent in this place.
 D = Time resting spent in this place.
 E = Time spent auto-exploring this place.
 F = Levels seen in this place.
 G = Mean time per level.
                   A        B        C        D        E       F      G
               +--------+--------+--------+--------+--------+-----+--------+
         Total |  40573 |  37870 |   2703 |  11195 |  16252 |  38 | 1067.7 |
       Dungeon |  16741 |  15270 |   1471 |   3688 |   7473 |  15 | 1116.1 |
          Lair |   6360 |   5668 |    692 |   1195 |   2996 |   6 | 1060.0 |
        Shoals |   5548 |   5410 |    138 |   2022 |   2155 |   4 | 1387.0 |
     Snake Pit |   5643 |   5465 |    178 |   2362 |   1975 |   4 | 1410.8 |
  Orcish Mines |   2063 |   1870 |    193 |    476 |    828 |   2 | 1031.5 |
   Elven Halls |   1932 |   1903 |     29 |    661 |    593 |   2 |  966.0 |
       Ossuary |    726 |    726 |      0 |    299 |     48 |   1 |  726.0 |
        Bailey |    471 |    471 |      0 |    141 |     17 |   1 |  471.0 |
       Volcano |    350 |    350 |      0 |    112 |     32 |   1 |  350.0 |
    Desolation |     29 |     29 |      0 |      0 |      0 |   1 |   29.0 |
      Gauntlet |    705 |    705 |      0 |    238 |    134 |   1 |  705.0 |
               +--------+--------+--------+--------+--------+-----+--------+

Top non-repeatable levels by time:
 Snake:4: 2608 daAuts
Shoals:4: 2304 daAuts
  Lair:6: 1861 daAuts
   Elf:1: 1647 daAuts
     D:2: 1435 daAuts
     D:5: 1433 daAuts
    D:10: 1383 daAuts
Shoals:2: 1368 daAuts
     D:3: 1343 daAuts
    D:12: 1305 daAuts
     D:6: 1273 daAuts
  Lair:2: 1236 daAuts
    D:11: 1174 daAuts
     D:9: 1170 daAuts
Shoals:3: 1164 daAuts
